 Dungeon Crawl Stone Soup version 0.29-a0-340-g6efceafd81 (webtiles) character file.

Game seed: 14543748888847070695

5 siradein the Cutter (level 1, 0/11 HPs)
             Began as a Vine Stalker Berserker on Apr 19, 2022.
             Was a Follower of Trog.
             Slain by a kobold
             ... wielding a +0 whip
              (2 damage)
             ... on level 1 of the Dungeon.
             The game lasted 00:00:34 (205 turns).

siradein the Cutter (Vine Stalker Berserker)         Turns: 205, Time: 00:00:35

Health: 0/11       AC:  2    Str: 19    XL:     1   Next: 80%
Magic:  0/2        EV: 12    Int:  7    God:    Trog [*.....]
Gold:   0          SH:  0    Dex: 13    Spells: 0/0 levels left

rFire   . . .      SeeInvis .   a - +0 short sword
rCold   . . .      Faith    .   (no shield)
rNeg    . . .      Spirit   +   b - +0 animal skin
rPois   .          Reflect  .   (no helmet)
rElec   .          Harm     .   (no cloak)
rCorr   .          Rampage  .   (no gloves)
Will    .....                   (no boots)
Stlth   +.........              (no amulet)
HPRegen 0.03/turn               (no ring)
MPRegen 0.08/turn               (no ring)

@: no status effects
A: fangs 2, magic shield, antimagic bite, no potion heal 2
a: Renounce Religion, Berserk


You were on level 1 of the Dungeon.
You worshipped Trog.
Trog was aware of your devotion.
You visited 1 branch of the dungeon, and saw 1 of its levels.

Inventory:

Hand Weapons
 a - a +0 short sword (weapon)
Armour
 b - a +0 animal skin (worn)


   Skills:
 + Level 2.7 Fighting
 + Level 2.8 Short Blades
 + Level 1.7 Armour
 + Level 1.7 Dodging


You couldn't memorise any spells.
You didn't know any spells.
Your spell library was empty.

Dungeon Overview and Level Annotations

Branches:
Dungeon (1/15)

Altars:


Innate Abilities, Weirdness & Mutations

You have extremely sharp teeth.
When hurt, damage is shared between your health and your magic reserves.
Your bite disrupts and absorbs the magic of your enemies.
Potions cannot restore your health.


Message History

The rat barely misses you.
You barely miss the rat. You hit the rat.
You kill the rat!
Trog accepts your kill.
A frilled lizard comes into view.
A hobgoblin comes into view.
You see here a rat corpse.
The hobgoblin shouts!
You hit the kobold but do no damage. The kobold barely misses you.
You closely miss the kobold. The kobold hits you with a +0 whip.
You closely miss the kobold. The kobold hits you with a +0 whip.
You closely miss the kobold. Your bite misses the kobold.
The frilled lizard bites you. The kobold closely misses you.
You barely miss the hobgoblin. Your bite misses the hobgoblin.
The frilled lizard closely misses you. The hobgoblin misses you.
The kobold misses you.
You hit the hobgoblin.
The hobgoblin is heavily wounded.
The frilled lizard bites you. The hobgoblin completely misses you.
The kobold barely misses you.
You hit the hobgoblin.
The hobgoblin is severely wounded.
The frilled lizard bites you. The hobgoblin hits you.
The kobold closely misses you. The kobold attacks as you move away!
The kobold closely misses you.
The frilled lizard attacks as you move away!
The frilled lizard closely misses you.
You miss the frilled lizard. The frilled lizard bites you.
* * * LOW HITPOINT WARNING * * *
You closely miss the frilled lizard. Your bite misses the frilled lizard.
The frilled lizard bites you.
* * * LOW HITPOINT WARNING * * *
You closely miss the frilled lizard. You bite the frilled lizard.
You kill the frilled lizard!
Trog accepts your kill.
You barely miss the kobold. Your bite misses the kobold.
The kobold barely misses you.
You closely miss the kobold. The kobold barely misses you.
You hit the kobold but do no damage. The kobold hits you with a +0 whip.
You die...

##...# ....# ......
#.#.## ...... .... .....
#..# ..... #..# #.#..
#..###########.#..
..#.####@..........##.#..
.......K#......#.#.......
#......g.......#....#.#..
#...#.#.##.....###..#(#..
... #.#.##.....# #.......
. . #.######## #.......
.. #.. #....... .. #..
#..#.... #.. ... ........


You could see a hobgoblin and a kobold.

Vanquished Creatures
  2 jackals (D:1)
  A bat (D:1)
  A frilled lizard (D:1)
  2 rats (D:1)
6 creatures vanquished.

Notes
Turn   | Place    | Note
-------+----------+-------------------------------------------
     0 | D:1      | siradein the Vine Stalker Berserker began the quest for the
                  | Orb.
     0 | D:1      | Reached XP level 1. HP: 11/11 MP: 2/2
   205 | D:1      | Slain by a kobold

Illustrated notes

Levels and vault maps discovered:
D:1:      grunt_arrival_crossed_arrows, layout_basic

Action                   || total
-------------------------++-------
Melee: Short sword       ||    23
       Bite              ||     2
 Stab: Sleeping          ||     2
Armor: Animal skin       ||     2
Dodge: Dodged            ||    16

Table legend: (Time is in decaauts)
 A = Elapsed time spent in this place.
 B = Non-inter-level travel time spent in this place.
 C = Inter-level travel time spent in this place.
 D = Time resting spent in this place.
 E = Time spent auto-exploring this place.
 F = Levels seen in this place.
 G = Mean time per level.
                   A        B        C        D        E       F      G
               +--------+--------+--------+--------+--------+-----+--------+
         Total |    204 |    204 |      0 |      0 |    159 |   1 |  204.0 |
       Dungeon |    204 |    204 |      0 |      0 |    159 |   1 |  204.0 |
               +--------+--------+--------+--------+--------+-----+--------+

Top non-repeatable levels by time:
     D:1: 204 daAuts
